 Dungeon Sprint DCSS version 0.17-a0-2007-g96ac4c4 (webtiles) character file.

14988 Ordine the Ninja (level 11, -4/47 HPs)
             Began as a Spriggan Enchanter on Oct 9, 2015.
             Was the Champion of Dithmenos.
             Engulfed by a cloud of freezing vapour (18 damage)
             ... in the Dungeon (Sprint I: "Red Sonja").
             The game lasted 00:27:18 (3272 turns).

Ordine the Ninja (Spriggan Enchanter)               Turns: 3272, Time: 00:27:18

Health: -4/47      AC:  6    Str:  4    XL:     11   Next: 95%
Magic:  0/35       EV: 19    Int: 20    God:    Dithmenos [******]
Gold:   2179       SH:  0    Dex: 22    Spells: 4 memorised, 35 levels left

rFire  . . .     SeeInvis +     n - +2 dagger (freeze)
rCold  . . .     Clarity  .     b - +2 robe
rNeg   + . .     SustAt   +     (shield restricted)
rPois  .         Gourm    .     k - +2 hat of the Bear Spirit {Spirit, +Rage rN+ MR++}
rElec  .         Spirit   +     (no cloak)
rCorr  .         Warding  .     (gloves unavailable)
rMut   .         NoTele   +     (boots unavailable)
MR     +++..                    (no amulet)
Stlth  ++++++++++               d - ring "Epiyppymm" {Dex+5 Slay+4 Stlth-}
                                r - ring of sustain attributes

@: wreathed by umbra, very quick, extremely resistant to hostile enchantments,
uncannily stealthy
A: unfitting armour, see invisible, herbivore 3, speed 3, slow metabolism 2
a: Shadow Step, Shadow Form, Renounce Religion, Evoke Berserk Rage


You were in the Dungeon.
You worshipped Dithmenos.
Dithmenos was exalted by your worship.
You were full.

You visited 1 branch You collected 3754 gold pieces.
You spent 1575 gold pieces at shops.

Inventory:

Hand Weapons
 n - a +2 dagger of freezing (weapon)
 o - a cursed -3 blowgun
Missiles
 p - 9 curare-tipped needles
 q - 40 stones (quivered)
Armour
 b - a +2 robe (worn)
 k - the +2 hat of the Bear Spirit (worn) {Spirit, +Rage rN+ MR++}
   (You bought it in a shop in the Dungeon)

   It protects you from negative energy.
   It affects your resistance to hostile enchantments.
   It lets you go berserk.
Jewellery
 d - the ring "Epiyppymm" (right hand) {Dex+5 Slay+4 Stlth-}
   (You found it in the Dungeon)

   [ring of loudness]

   It affects your dexterity (+5).
   It affects your accuracy and damage with ranged weapons and melee attacks
   (+4).
   It makes you less stealthy.
 r - a ring of sustain attributes (left hand)
Scrolls
 j - a scroll of blinking
Potions
 e - 2 potions of curing
 g - a potion of haste
 i - a potion of berserk rage
Books
 a - a book of Geomancy

   Spells                             Type                      Level
   a - Sandblast                      Earth                        1
   b - Stoneskin                      Transmutation/Earth          2
   c - Passwall                       Transmutation/Earth          3
   d - Stone Arrow                    Conjuration/Earth            3
   e - Petrify                        Transmutation/Earth          4
   f - Lee's Rapid Deconstruction     Earth                        5
 l - a book of Necromancy

   Spells                             Type                      Level
   a - Pain                           Necromancy                   1
   b - Animate Skeleton               Necromancy                   1
   c - Vampiric Draining              Necromancy                   3
   d - Regeneration                   Charms/Necromancy            3
   e - Animate Dead                   Necromancy                   4
   f - Control Undead                 Necromancy                   4
 s - a book of Burglary

   Spells                             Type                      Level
   a - Swiftness                      Charms/Air                   2
   b - Passwall                       Transmutation/Earth          3
   c - Passage of Golubria            Translocation                4
   d - Lee's Rapid Deconstruction     Earth                        5
   e - Darkness                       Hexes                        6
   f - Invisibility                   Hexes                        6
Miscellaneous
 c - a fan of gales
 h - a phial of floods
Comestibles
 m - 4 fruits


   Skills:
 - Level 10.9 Short Blades
 - Level 3.0 Dodging
 O Level 27 Stealth
 + Level 19.5 Spellcasting
 - Level 13.5 Hexes


You had 35 spell levels left.
You knew the following spells:

 Your Spells              Type           Power        Failure   Level  Hunger
a - Ensorcelled Hibernat  Hex/Ice        #####.       1%          2    None
b - Confuse               Hex            ######..     1%          3    None
c - Invisibility          Hex            ######..     1%          6    ####...
d - Regeneration          Chrm/Necr      ###.......   10%         3    None


Dungeon Overview and Level Annotations

Branches:
Dungeon (1/1)

Altars:
Cheibriados
Dithmenos
Elyvilon
Fedhas
Gozag
Kikubaaqudgha
Makhleb
Nemelex Xobeh
Okawaru
Qazlal
Ru
Sif Muna
Trog
Vehumet
Xom
Yredelemnul
Zin
The Shining One
Jiyva

Shops:
D *%%*}**[}(![?([[?

Annotations:
D exclusion: oklob plant, Lom Lobon


Innate Abilities, Weirdness & Mutations

You are tiny and cannot use many weapons and most armour.
You have supernaturally acute eyesight.
You are a herbivore.
You cover ground extremely quickly.
You need consume almost no food.


Message History

Really walk into that cloud of freezing vapour?
You are engulfed in freezing vapours.
You are engulfed in freezing vapours.
You see here 27 gold pieces.
You now have 2179 gold pieces (gained 27).
You are engulfed in freezing vapours.
Really walk into that cloud of freezing vapour? [Y]es or [N]o only, please.
Really walk into that cloud of freezing vapour? [Y]es or [N]o only, please.
Really walk into that cloud of freezing vapour?
Okay, then.
Unknown command.
You are engulfed in freezing vapours.
* * * LOW HITPOINT WARNING * * *
You are engulfed in freezing vapours.
* * * LOW HITPOINT WARNING * * *
Drink which item? (? for menu, Esc to quit)
You feel better.
You are engulfed in freezing vapours.
You die...

..≈###+## #.§§§#
..≈4)# #§§§§#
.)≈e## ##§§§#
..≈## ##§§# ..≈#
#..# ..## ##§# ).#
#§# .†# #§# †.#
##@# #+## #§§#
≈≈≈## ##§§# ≈≈≈≈##
##§$$#
≈≈≈≈≈########§.§§#
#≈≈≈≈#≈≈≈≈≈#§§§§§#
#'≈≈≈'≈≈.≈≈'.§§§$#
.##≈≈#≈≈≈≈≈#≈§§§.#
..######+#####§≈≈#


There were no monsters in sight!

Vanquished Creatures
  the Lernaean hydra (D)
  A hydra (D)
  2 centaur warriors (D)
  Sonja (D)
  2 unseen horrors (D)
  A lindwurm (D)
  A deep troll (D)
  An oklob plant (D)
  2 sirens (D)
  4 demonic crawlers (D)
  2 kobold demonologists (D)
  A slime creature (D)
  4 trapdoor spiders (D)
  Sigmund (D)
  A yak (D)
  13 hogs (D)
  An ogre (D)
  5 wasps (D)
  7 necrophages (D)
  Ijyb (D)
  8 jellies (D)
  3 giant eyeballs (D)
  4 ballistomycetes (D)
  A giant spore (D)
68 creatures vanquished.

Vanquished Creatures (others)
  A gargoyle (D)
  A giant spore (D)
2 creatures vanquished.

Grand Total: 70 creatures vanquished

Notes
Turn   | Place    | Note
--------------------------------------------------------------
     0 | D        | Ordine the Spriggan Enchanter began the quest for the Orb.
     0 | D        | Reached XP level 1. HP: 9/9 MP: 5/5
     2 | D        | Noticed Ijyb
    12 | D        | Killed Ijyb
    12 | D        | Reached skill level 10 in Stealth
    12 | D        | Reached XP level 2. HP: 13/13 MP: 6/6
    16 | D        | Learned a level 2 spell: Ensorcelled Hibernation
    20 | D        | Noticed an ogre
    23 | D        | Killed an ogre
    23 | D        | Reached skill level 14 in Stealth
    23 | D        | Reached XP level 3. HP: 16/16 MP: 8/8
    23 | D        | Reached XP level 4. HP: 21/21 MP: 9/9
    28 | D        | Learned a level 3 spell: Confuse
    39 | D        | Noticed Sigmund
    46 | D        | Killed Sigmund
    46 | D        | Reached skill level 18 in Stealth
    46 | D        | Reached XP level 5. HP: 24/24 MP: 7/10
    46 | D        | Reached XP level 6. HP: 28/28 MP: 7/11
    60 | D        | Found a snail-covered altar of Cheibriados.
    60 | D        | Found a viscous altar of Jiyva.
    60 | D        | Found a shadowy altar of Dithmenos.
    60 | D        | Found a blossoming altar of Fedhas.
    60 | D        | Noticed a slime creature
    63 | D        | Killed a slime creature
    63 | D        | Reached skill level 20 in Stealth
    66 | D        | Became a worshipper of Dithmenos the Shadowed
    71 | D        | Found a deep blue altar of Sif Muna.
    72 | D        | Noticed a jelly
    73 | D        | Found a radiant altar of Vehumet.
   121 | D        | Killed a jelly
   493 | D        | Learned a level 3 spell: Regeneration
   515 | D        | Found Cusoph's Food Emporium.
   515 | D        | Found a white marble altar of Elyvilon.
   515 | D        | Found a stormy altar of Qazlal.
   515 | D        | Found a burning altar of Makhleb.
   515 | D        | Found a sacrificial altar of Ru.
   515 | D        | Found a basalt altar of Yredelemnul.
   515 | D        | Found a glowing golden altar of the Shining One.
   515 | D        | Found a sparkling altar of Nemelex Xobeh.
   515 | D        | Found a shimmering altar of Xom.
   515 | D        | Found an opulent altar of Gozag.
   515 | D        | Found an ancient bone altar of Kikubaaqudgha.
   515 | D        | Found a glowing silver altar of Zin.
   515 | D        | Noticed a yak
   516 | D        | Found an iron altar of Okawaru.
   517 | D        | Killed a yak
   517 | D        | Reached skill level 21 in Stealth
   517 | D        | Reached XP level 7. HP: 32/32 MP: 12/12
   518 | D        | Found a bloodstained altar of Trog.
   522 | D        | Bought 3 fruits for 58 gold pieces
   522 | D        | Bought 4 fruits for 78 gold pieces
   539 | D        | Noticed Sonja
   543 | D        | Killed Sonja
   543 | D        | Reached skill level 24 in Stealth
   543 | D        | Reached XP level 8. HP: 23/36 MP: 6/13
   564 | D        | Noticed a deep troll
   568 | D        | Killed a deep troll
   568 | D        | Reached skill level 25 in Stealth
   578 | D        | Found Plog's Armour Emporium.
   600 | D        | Noticed a centaur warrior
   613 | D        | Found Yfuleukh's Assorted Antiques.
   621 | D        | Bought a tubular agate ring for 145 gold pieces
   621 | D        | Bought a scroll labeled JIENAO RYETOEKK for 29 gold pieces
   824 | D        | Noticed a centaur warrior
   826 | D        | Killed a centaur warrior
   826 | D        | Reached skill level 27 in Stealth
   826 | D        | Reached XP level 9. HP: 39/39 MP: 13/16
   828 | D        | Killed a centaur warrior
   828 | D        | Acquired Dithmenos's first power
   828 | D        | Reached skill level 10 in Spellcasting
   839 | D        | Learned a level 6 spell: Invisibility
   866 | D        | Noticed a wasp
   869 | D        | Killed a wasp
   882 | D        | Noticed an oklob plant
   884 | D        | Killed an oklob plant
   884 | D        | Reached skill level 5 in Short Blades
   891 | D        | Noticed a trapdoor spider
   894 | D        | Noticed a trapdoor spider
   895 | D        | Killed a trapdoor spider
   895 | D        | Noticed a trapdoor spider
   896 | D        | Noticed a trapdoor spider
   899 | D        | Killed a trapdoor spider
   906 | D        | Killed a trapdoor spider
   906 | D        | Acquired Dithmenos's second power
   906 | D        | Reached XP level 10. HP: 44/44 MP: 12/25
   935 | D        | Killed a trapdoor spider
  1022 | D        | Killed a gargoyle
  1103 | D        | Noticed an unseen horror
  1104 | D        | Noticed an unseen horror
  1111 | D        | Killed an unseen horror
  1111 | D        | Reached skill level 10 in Short Blades
  1118 | D        | Killed an unseen horror
  1296 | D        | Noticed a jelly
  1296 | D        | Noticed a jelly
  1296 | D        | Noticed a jelly
  1296 | D        | Noticed a jelly
  1296 | D        | Noticed a jelly
  1296 | D        | Noticed a jelly
  1296 | D        | Noticed a jelly
  1298 | D        | Killed a jelly
  1299 | D        | Killed a jelly
  1300 | D        | Killed a jelly
  1300 | D        | Acquired Dithmenos's third power
  1301 | D        | Noticed a necrophage
  1301 | D        | Noticed a necrophage
  1301 | D        | Noticed a necrophage
  1302 | D        | Killed a jelly
  1303 | D        | Killed a jelly
  1304 | D        | Killed a jelly
  1305 | D        | Noticed a necrophage
  1305 | D        | Noticed a necrophage
  1306 | D        | Paralysed by a giant eyeball for 3 turns
  1311 | D        | Killed a jelly
  1312 | D        | Noticed a necrophage
  1330 | D        | Killed a necrophage
  1548 | D        | Noticed a necrophage
  1565 | D        | Killed a necrophage
  1565 | D        | Acquired Dithmenos's fourth power
  1607 | D        | Killed a necrophage
  1616 | D        | Killed a necrophage
  1641 | D        | Killed a necrophage
  1644 | D        | Killed a necrophage
  1739 | D        | Killed a necrophage
  1739 | D        | Reached skill level 10 in Hexes
  1757 | D        | Got an ancient pearl dragon armour
  1768 | D        | Identified the +2 pearl dragon armour of Unreason {rN+ Int+4} (You found it in the Dungeon)
  1787 | D        | Found Xaehuh's General Store.
  1787 | D        | Found Riavitz Hyen's Food Shop.
  1787 | D        | Found Teuredd's Gadget Boutique.
  1789 | D        | Found Iwel's Assorted Antiques.
  1789 | D        | Found Roecunyo's General Store.
  1789 | D        | Found Lydodeoh's Armour Shoppe.
  1789 | D        | Found Vurr's Gadget Boutique.
  1789 | D        | Found Oliahont's Antique Weapon Emporium.
  1789 | D        | Found Poduaty's Distillery.
  1789 | D        | Found Innopefo's Antique Armour Shoppe.
  1792 | D        | Bought a scroll of enchant weapon for 75 gold pieces
  1803 | D        | Found Osulimi's Magic Scroll Boutique.
  1804 | D        | Found Vataxze's Armour Emporium.
  1804 | D        | Found Feulobre's Antique Weapon Boutique.
  1805 | D        | Found Oplepic's Magic Scroll Emporium.
  1812 | D        | Bought the +2 hat of the Bear Spirit {Spirit, +Rage rN+ MR++} for 547 gold pieces
  1818 | D        | Bought a glowing dagger for 42 gold pieces
  1819 | D        | Bought a scroll of acquirement for 520 gold pieces
  1833 | D        | Bought a scroll labeled MUDEIG IDEI for 27 gold pieces
  1833 | D        | Bought a scroll labeled PEGGAS NEINT for 27 gold pieces
  1833 | D        | Bought a scroll labeled DOUDOA VOFIZE for 27 gold pieces
  1904 | D        | Noticed a kobold demonologist
  1905 | D        | Noticed a kobold demonologist
  1909 | D        | Killed a kobold demonologist
  1912 | D        | Killed a kobold demonologist
  1933 | D        | Noticed a demonic crawler
  1933 | D        | Noticed a demonic crawler
  1933 | D        | Noticed a demonic crawler
  1933 | D        | Noticed a demonic crawler
  1938 | D        | Killed a demonic crawler
  1939 | D        | Killed a demonic crawler
  1941 | D        | Killed a demonic crawler
  1942 | D        | Killed a demonic crawler
  1958 | D        | Noticed a lindwurm
  1962 | D        | Killed a lindwurm
  1962 | D        | Reached XP level 11. HP: 46/46 MP: 6/27
  1975 | D        | Noticed a hog
  1975 | D        | Noticed a hog
  1975 | D        | Noticed a hog
  1975 | D        | Noticed a hog
  1975 | D        | Noticed a hog
  1975 | D        | Noticed a hog
  1975 | D        | Noticed a hog
  1976 | D        | Noticed a hog
  1977 | D        | Killed a hog
  1978 | D        | Noticed a hog
  1978 | D        | Killed a hog
  1980 | D        | Killed a hog
  1981 | D        | Killed a hog
  1982 | D        | Noticed a hog
  1982 | D        | Noticed a hog
  1982 | D        | Noticed a hog
  1982 | D        | Noticed a hog
  1983 | D        | Killed a hog
  1985 | D        | Killed a hog
  1986 | D        | Killed a hog
  1988 | D        | Killed a hog
  1989 | D        | Killed a hog
  1990 | D        | Killed a hog
  1992 | D        | Killed a hog
  1993 | D        | Killed a hog
  1995 | D        | Killed a hog
  2015 | D        | Noticed a gargoyle
  2033 | D        | Noticed a 12-headed hydra
  2035 | D        | Killed a 12-headed hydra
  2035 | D        | Reached skill level 15 in Spellcasting
  2324 | D        | HP: 1/47 [something (5)]
  2603 | D        | Noticed a siren
  2604 | D        | Noticed a deep elf annihilator
  2610 | D        | Noticed a hellwing
  2611 | D        | Noticed a siren
  2612 | D        | Noticed a wasp
  2612 | D        | Noticed a wasp
  2613 | D        | Noticed a mummy priest
  2613 | D        | Noticed a wasp
  2613 | D        | Noticed a wasp
  2614 | D        | Killed a siren
  2616 | D        | Noticed an oklob plant
  2619 | D        | Killed a siren
  2621 | D        | Killed a wasp
  2622 | D        | Killed a wasp
  2624 | D        | Killed a wasp
  2625 | D        | Killed a wasp
  2634 | D        | Noticed Lom Lobon
  2950 | D        | Noticed the 27-headed Lernaean hydra
  2954 | D        | Killed the 27-headed Lernaean hydra
  2956 | D        | Noticed a deep elf master archer
  3066 | D        | Got a scintillating bronze ring
  3067 | D        | Identified the ring "Epiyppymm" {Dex+5 Slay+4 Stlth-} (You found it in the Dungeon)
  3272 | D        | Engulfed by a cloud of freezing vapour

Vault maps used:
D:        dungeon_sprint_1

Action                   |  1- 3 |  4- 6 |  7- 9 | 10-12 || total
-------------------------+-------+-------+-------+-------++-------
Melee: Dagger            |     9 |    12 |   138 |    63 ||   222
Throw: Stone             |       |       |     1 |       ||     1
 Cast: Ensorcelled Hiber |       |     6 |     3 |    11 ||    20
       Confuse           |       |     1 |     3 |    18 ||    22
       Invisibility      |       |       |       |     4 ||     4
  Use: Potion            |       |     1 |       |     7 ||     8
       Scroll            |       |       |     1 |     5 ||     6
 Stab: Sleeping          |     2 |     3 |     6 |    40 ||    51
       Confused          |       |     1 |     3 |     7 ||    11
       Invisible         |       |       |       |     1 ||     1
  Eat: Fruit             |       |       |       |     3 ||     3
       Bread ration      |       |       |       |     1 ||     1
